 Dungeon Crawl Stone Soup version 0.20-a0-869-gcf33cab (webtiles) character file.

450 AlphabetPasta the Skirmisher (level 6, -2/48 HPs)
             Began as a Vampire Abyssal Knight on Mar 13, 2017.
             Was a Priest of Lugonu.
             Slain by Prince Ribbit (12 damage)
             ... on level 5 of the Dungeon.
             The game lasted 00:14:52 (3112 turns).

AlphabetPasta the Skirmisher (VpAK)                 Turns: 3112, Time: 00:14:52

Health: -2/48      AC: 10    Str: 12    XL:     6   Next: 74%
Magic:  8/8        EV:  6    Int: 15    God:    Lugonu [***...]
Gold:   240        SH:  0    Dex: 14    Spells: 5/5 levels left

rFire    . . .     SeeInvis +   a - +2 falchion
rCold    + . .     Gourm    .   r - +0 chain mail
rNeg     + + .     Faith    .   (no shield)
rPois    +         Spirit   .   h - +1 helmet
rElec    .         Reflect  .   (no cloak)
rCorr    .         Harm     .   (no gloves)
MR       +....                  (no boots)
Stlth    ..........             i - amulet of regeneration
Regen    0.3/turn               e - ring of poison resistance
MPRegen  0.2/turn               n - ring of protection from magic

@: very slightly contaminated, regenerating slowly, hasted, very quick
A: fangs 3, see invisible, unbreathing
a: Bat Form, Depart the Abyss, Bend Space, Banish, Renounce Religion


You were on level 5 of the Dungeon.
You worshipped Lugonu.
Lugonu was most pleased with you.
You were near bloodless.

You visited 1 branch of the dungeon, and saw 7 of its levels.
You visited the Abyss 1 time.

You collected 260 gold pieces.
You spent 20 gold pieces at shops.

Inventory:

Hand Weapons
 a - a +2 falchion (weapon)
Missiles
 l - 4 javelins of returning (quivered)
 q - 2 javelins
Armour
 b - a +0 leather armour
 h - a +1 helmet (worn)
 k - a +0 leather armour
 r - a +0 chain mail (worn)
Jewellery
 e - a ring of poison resistance (right hand)
 i - an amulet of regeneration (around neck)
 n - a ring of protection from magic (left hand)
Wands
 d - a wand of polymorph (15/24)
 o - a wand of confusion (28/48)
Scrolls
 j - 2 scrolls of remove curse
 s - a scroll of magic mapping
Potions
 c - 26 potions of blood
 g - a potion of resistance {unknown}
 m - a potion of brilliance {unknown}
 p - a potion of might {unknown}
 t - a potion of lignification {unknown}


   Skills:
 + Level 3.9 Fighting
 * Level 3.8 Long Blades
 + Level 1.7 Throwing
 + Level 2.1 Armour
 + Level 3.5 Dodging
 + Level 3.0 Invocations


You had 5 spell levels left.
You didn't know any spells.

Dungeon Overview and Level Annotations

Branches:
Dungeon (7/15)
 Temple: D:4-7

Altars:
Ashenzari
Cheibriados
Fedhas

Shops:
D:5 ?

Annotations:
D:5 Prince Ribbit
D:7 Pikel


Innate Abilities, Weirdness & Mutations

You heal slowly.
You have razor-sharp teeth.
You have supernaturally acute eyesight. (SInv)
You can survive without breathing.


Message History

Prince Ribbit is lightly wounded.
Prince Ribbit closely misses you.
You riposte.
Your chain mail prevents you from hitting Prince Ribbit.
Prince Ribbit is lightly wounded.
Prince Ribbit hits you!
* * * LOW HITPOINT WARNING * * *
You feel yourself speed up. Prince Ribbit barely misses you.
You riposte.
You hit Prince Ribbit.
Prince Ribbit is lightly wounded.
You are very lightly contaminated with residual magic.
Your chain mail prevents you from hitting Prince Ribbit.
Prince Ribbit is lightly wounded.
Prince Ribbit barely misses you.
Your chain mail prevents you from hitting Prince Ribbit.
Prince Ribbit is lightly wounded.
Prince Ribbit hits you but does no damage.
You closely miss Prince Ribbit.
Prince Ribbit is lightly wounded.
Prince Ribbit hits you!
You die...

#...............
########.........>.....
............_..........
########...............
#.........#.......
#.####..####.....# #.#
#..# ##...## #.# ...#
##+## #@# .# #F# #..
###. .# . .# .


You could see Prince Ribbit.

Vanquished Creatures
  An ogre (D:4)
  A crimson imp (D:6)
  An orc priest (D:4)
  A hound (D:4)
  An orc wizard (D:4)
  3 worker ants
  4 adders
  3 shadow imps
  An adder skeleton (D:4)
  6 worms
  A dart slug (D:1)
  3 leopard geckos (D:2)
  9 orcs
  2 ball pythons
  8 bats
  9 giant cockroaches
  8 goblins
  5 hobgoblins
  6 jackals
  A ball python skeleton (D:4)
  5 frilled lizards
  7 kobolds
  A leopard gecko skeleton (D:4)
  8 rats
95 creatures vanquished.

Notes
Turn   | Place    | Note
-------+----------+-------------------------------------------
     0 | Abyss:1  | AlphabetPasta the Vampire Abyssal Knight began the quest for the Orb.
     0 | Abyss:1  | Reached XP level 1. HP: 17/17 MP: 2/2
    27 | Abyss:1  | Noticed a smoke demon
    28 | D:1      | Escaped the Abyss
   159 | D:1      | Reached skill level 1 in Armour
   210 | D:1      | Reached XP level 2. HP: 21/23 MP: 3/3
   270 | D:1      | Reached * piety under Lugonu
   664 | D:2      | Reached XP level 3. HP: 29/29 MP: 4/4
   960 | D:2      | Reached XP level 4. HP: 17/36 MP: 5/5
  1141 | D:3      | Found a snail-covered altar of Cheibriados.
  1202 | D:3      | Reached ** piety under Lugonu
  1335 | D:3      | Found a shattered altar of Ashenzari.
  1463 | D:3      | Reached skill level 1 in Throwing
  1698 | D:3      | Found a faded altar of an unknown god.
  1972 | D:4      | Reached XP level 5. HP: 35/41 MP: 6/6
  2067 | D:4      | You fall through a shaft for 3 floors!
  2067 | D:7      | Noticed a slave
  2067 | D:7      | Noticed a slave
  2067 | D:7      | Noticed a hippogriff
  2068 | D:7      | Noticed a slave
  2069 | D:7      | Noticed Pikel
  2070 | D:7      | Noticed a slave
  2174 | D:5      | Entered Level 5 of the Dungeon
  2369 | D:4      | Reached XP level 6. HP: 46/48 MP: 7/7
  2948 | D:4      | Found a blossoming altar of Fedhas.
  3051 | D:5      | Found Ohaaguadgh's Magic Scroll Shoppe.
  3053 | D:5      | Reached *** piety under Lugonu
  3056 | D:5      | Bought a scroll of identify for 20 gold pieces
  3072 | D:5      | Found a snail-covered altar of Cheibriados.
  3097 | D:5      | Noticed Prince Ribbit
  3112 | D:5      | Slain by Prince Ribbit

Vault maps used:
D:1:      minmay_arrival_nine_rooms
D:2:      first_bread
D:3:      evilmike_ruin_ashenzari, cheibriados_altar_1,
          chequers_ecumenical_altar_island, serial_bayou_ford_a
D:4:      kennysheep_mini_moat
D:5:      black_bear_nest_2, kennysheep_mini, minmay_temple_entry_grid,
          basic_altar, serial_shops, shop, nicolae_gozag_seed_capital,
          uniq_prince_ribbit1
D:7:      tso_metal_star, uniq_pikel

Skill      XL: |  1  2  3  4  5  6 |
---------------+-------------------+-----
Armour         | 1 2 |  2.1
Fighting       | 3 |  3.9
Invocations    | 2 3 |  3.0
Throwing       | 1 |  1.7
Long Blades    | 3 |  3.8
Dodging        | 3 |  3.5

Action                   |  1- 3 |  4- 6 || total
-------------------------+-------+-------++-------
Melee: Falchion          |   105 |   249 ||   354
       Bite              |    10 |    14 ||    24
Throw: Javelin           |    17 |     8 ||    25
Invok: Depart the Abyss  |     1 |       ||     1
  Use: Scroll            |     9 |     4 ||    13
       Potion            |       |     6 ||     6
 Stab: Invisible         |       |     3 ||     3
Armor: Leather armour    |    20 |    16 ||    36
       Chain mail        |       |   134 ||   134
Dodge: Dodged            |    67 |   101 ||   168
       Rpst.: Falchion   |    23 |    35 ||    58
